Map: Dusk Towers

Players

Miszu

  • Race: Terran Terran
  • League: Grandmaster

Avokado - Winner!

  • Race: Terran Terran
  • League: Grandmaster

VOD

Have the link to the VOD?

Description

Time

  • Played on: Feb. 15, 2016, 11:07 a.m.
  • Length: 23:29
Show
View Real Time Build Order
Export as new Build Order

Miszu Terran 

Build Orders: Bio Tank 

Get SALT Encoding   

  12  0:01  SCV  
  13  0:13  SCV  
  14  0:17  Supply Depot  
  14  0:25  SCV  
  15  0:39  SCV  
  15  0:42  Barracks  
  16  0:45  Refinery  
  16  0:51  SCV  
  17  1:03  SCV  
  18  1:15  SCV  
  19  1:29  Barracks Reactor, Orbital Command  
  19  1:42  Command Center  
  19  1:49  Supply Depot  
  19  1:54  SCV  
  20  2:05  Marine x2  
  20  2:06  SCV  
  23  2:12  Factory  
  23  2:19  SCV  
  24  2:27  Marine x2  
  26  2:31  SCV  
  27  2:43  SCV  
  28  2:45  Marine x2  
  30  2:54  Refinery, Orbital Command  
  30  2:55  SCV  
  31  2:58  Starport  
  31  3:03  Marine, Factory Tech Lab  
  32  3:07  SCV  
  32  3:12  Marine  
  34  3:19  SCV  
  35  3:20  SCV  
  35  3:21  Marine  
  35  3:26  Widow Mine  
  38  3:31  SCV  
  38  3:32  SCV  
  40  3:34  Supply Depot  
  40  3:36  Medivac  
  40  3:40  Marine x2  
  44  3:43  SCV  
  44  3:44  SCV  
  46  3:56  SCV x2  
  46  3:57  Supply Depot  
  48  4:07  Siege Tank  
  48  4:08  SCV x2  
  53  4:17  Command Center  
  53  4:20  Supply Depot, SCV x2  
  38  4:24  Viking  
  57  4:32  SCV x2  
  57  4:35  Barracks x2  
  59  4:43  Siege Tank  
  59  4:44  SCV x2  
  63  5:02  Marine x2  
  63  5:03  SCV  
  63  5:06  Starport Reactor, SCV  
  58  5:08  Refinery  
  58  5:09  Refinery  
  58  5:11  Supply Depot  
  58  5:16  Barracks, Siege Tank  
  58  5:18  Barracks  
  62  5:22  SCV  
  62  5:23  Barracks Tech Lab  
  62  5:24  Barracks Tech Lab  
  62  5:25  SCV  
  64  5:29  Supply Depot  
  64  5:33  Supply Depot  
  64  5:34  SCV  
  64  5:47  Combat Shields  
  64  5:48  Stimpack  
  64  5:49  Orbital Command  
  64  5:52  Marine x2  
  64  5:53  Marine x2  
  64  5:54  SCV x2  
  70  5:59  Supply Depot  
  70  6:00  Siege Tank  
  73  6:06  SCV  
  73  6:07  Barracks Reactor x2  
  73  6:08  SCV  
  75  6:11  Supply Depot  
  75  6:12  Marine x3  
  75  6:17  Medivac  
  80  6:18  SCV  
  80  6:20  Orbital Command  
  80  6:21  Medivac  
  80  6:23  Marine  
  84  6:30  Marine x3  
  86  6:41  Marine, Siege Tank  
  86  6:44  Marine  
  86  6:45  Supply Depot x2, Marine x3  
  94  6:48  Marine x3  
  94  6:49  SCV  
  94  6:50  SCV  
  94  6:52  SCV  
  100  6:54  Medivac  
  100  6:55  Medivac  
  100  6:59  Refinery  
  103  7:10  Marine  
  103  7:12  Marine  
  103  7:13  Marine x2  
  106  7:20  Marine  
  106  7:21  Siege Tank  
  110  7:24  Factory  
  110  7:26  Engineering Bay x2  
  110  7:28  SCV x3, Armory  
  113  7:30  Refinery  
  113  7:34  Marine x3  
  113  7:35  Marine x4  
  120  7:39  Marine  
  120  7:40  SCV x2  
  121  7:52  Marine x3  
  121  7:54  Marine  
  121  7:55  Marine  
  121  7:57  Marine  
  129  8:00  Medivac, Siege Tank  
  129  8:03  Terran Infantry Weapons Level 1, Terran Infantry Armor Level 1  
  132  8:11  Sensor Tower  
  132  8:12  Factory Tech Lab  
  132  8:15  SCV x3  
  132  8:19  Supply Depot  
  135  8:22  Supply Depot  
  135  8:23  Supply Depot  
  135  8:30  Medivac x2  
  139  8:40  Terran Vehicle Weapons Level 1  
  139  8:41  Siege Tank  
  142  8:44  Marine x6, Factory Tech Lab  
  142  8:46  Supply Depot  
  142  8:47  Supply Depot  
  147  8:54  Sensor Tower  
  147  8:55  Marine x2  
  149  9:11  Supply Depot  
  149  9:12  Supply Depot  
  149  9:17  Siege Tank x2  
  149  9:19  Medivac x2  
  158  9:28  Command Center  
  157  9:40  Marine x2  
  157  9:41  Marine x4  
  163  9:49  Medivac, Siege Tank  
  168  9:57  Terran Infantry Armor Level 2, Terran Infantry Weapons Level 2  
  168  10:04  Barracks  
  168  10:06  Barracks x2  
  168  10:10  Marine  
  168  10:11  Siege Tank  
  163  10:32  Marine  
  161  10:39  Marine x7  
  161  10:40  Siege Tank  
  171  10:43  Siege Tank  
  174  10:50  Marine  
  175  10:57  Marine x5  
  175  10:58  Reaper  
  181  11:04  Barracks Reactor x3  
  181  11:12  Siege Tank  
  181  11:15  Siege Tank  
  187  11:30  Marine x6  
  187  11:31  Marine x2  
  142  11:41  Marine  
  142  11:42  Marine x5  
  142  11:43  Medivac  
  150  11:48  Marine x8  
  151  11:57  Siege Tank  
  151  11:58  Siege Tank  
  151  11:59  Marine  
  151  12:00  Marine x2  
  160  12:05  Marine  
  160  12:06  Marine x4  
  165  12:08  Marine  
  165  12:09  Marine x4  
  165  12:11  Medivac  
  165  12:14  Planetary Fortress  
  172  12:26  Marine  
  172  12:27  Marine x7  
  172  12:29  Siege Tank  
  183  12:30  Siege Tank  
  183  12:36  Marine  
  181  12:45  Marine  
  181  12:46  Marine  
  181  12:47  Marine  
  181  12:49  Marine  
  155  12:53  Marine  
  155  12:54  Marine x6  
  155  12:55  Marine  
  163  13:01  Siege Tank  
  163  13:04  Marine  
  163  13:05  Marine x4  
  171  13:07  Marine  
  171  13:11  Marine  
  169  13:32  Marine  
  169  13:33  Marine x7  
  169  13:34  Siege Tank  
  180  13:47  Marine  
  150  13:50  Marine  
  150  13:51  Marine x2  
  150  13:54  Marine  
  150  13:55  Marine x4  
  141  13:58  Siege Tank  
  142  14:10  Siege Tank  
  145  14:23  Terran Infantry Weapons Level 3  
  145  14:32  Siege Tank  
  148  14:39  Sensor Tower  
  148  14:42  Siege Tank  
  151  14:55  Marine  
  151  14:58  Marine  
  153  15:01  Marine  
  153  15:02  Marine x10  
  153  15:03  Marine  
  153  15:06  Orbital Command  
  159  15:13  Marine  
  160  15:15  Marine  
  160  15:17  Siege Tank x2  
  160  15:19  Marine  
  160  15:20  Marine x10  
  160  15:21  Marine  
  158  15:31  Marine  
  158  15:33  Marine  
  153  15:37  Marine  
  153  15:38  Marine x10  
  153  15:39  Marine  
  165  15:49  Marine, Siege Tank  
  169  15:51  Marine  
  169  15:55  Marine x3  
  165  16:05  Marine  
  165  16:09  Marine  
  165  16:10  Marine  
  145  16:18  Siege Tank  
  145  16:21  Reaper, Siege Tank  
  145  16:22  Medivac x2  
  153  16:43  Orbital Command  
  151  16:50  Siege Tank  
  151  16:52  Medivac x2  
  151  16:53  Siege Tank  
  161  17:05  Marine  
  162  17:13  Marine  
  161  17:19  Marine  
  163  17:22  Siege Tank  
  163  17:25  Siege Tank  
  165  17:35  Marine  
  165  17:36  Marine x2  
  162  17:45  Marine x2  
  162  17:47  Marine  
  162  17:48  Marine x8  
  162  17:50  Sensor Tower  
  171  17:53  Marine x3  
  171  17:54  Siege Tank  
  171  17:56  Command Center  
  166  18:03  Marine x2  
  166  18:05  Marine  
  168  18:06  Marine x6  
  175  18:21  Siege Tank  
  175  18:24  Marine  
  175  18:27  Siege Tank  
  182  18:30  Missile Turret  
  182  18:32  Refinery, Sensor Tower  
  182  18:33  Refinery  
  182  18:38  Supply Depot  
  182  18:39  Supply Depot  
  182  18:40  Supply Depot  
  182  18:47  Marine  
  182  18:48  Marine  
  182  18:52  Marine  
  182  18:53  Marine, Medivac x2  
  182  18:54  Siege Tank  
  181  18:59  Siege Tank  
  181  19:01  Marine  
  175  19:05  Marine  
  175  19:06  Marine x9  
  178  19:23  Medivac x2  
  177  19:26  Siege Tank  
  177  19:31  Siege Tank  
  175  19:34  Marine x4  
  177  19:51  Marine  
  177  19:52  Marine x3  
  180  19:56  Marine  
  180  19:58  Marine  
  180  19:59  Siege Tank  
  186  20:05  Marine  
  186  20:06  Marine  
  188  20:19  Marine  
  188  20:20  Marine x3  
  192  20:32  Marine  
  192  20:34  Marine  
  192  20:35  Marine x5  
  184  20:48  Marine  
  173  20:56  Marine x2  
  144  21:10  Marine  
  134  21:31  Marine  
Show
View Real Time Build Order
Export as new Build Order

Avokado Terran - Winner!

Build Orders: Reaper Expand, Bio Tank 

Get SALT Encoding   

  12  0:00  SCV  
  13  0:13  SCV  
  14  0:17  Supply Depot  
  14  0:25  SCV  
  15  0:39  SCV  
  15  0:42  Barracks  
  16  0:48  Refinery  
  16  0:51  SCV  
  17  1:03  SCV  
  18  1:15  SCV  
  19  1:28  Orbital Command  
  19  1:30  Reaper  
  20  1:41  Command Center  
  20  1:51  Supply Depot  
  20  1:55  SCV  
  21  2:02  Refinery, Reaper  
  22  2:08  SCV  
  23  2:20  SCV  
  24  2:25  Factory  
  24  2:32  SCV  
  24  2:35  Barracks Reactor  
  25  2:45  SCV  
  26  2:53  Orbital Command  
  26  2:57  SCV  
  26  3:12  Marine x2  
  26  3:15  SCV  
  29  3:23  Starport  
  29  3:24  Factory Tech Lab  
  28  3:27  SCV x2  
  28  3:30  Marine x2  
  32  3:39  SCV x2  
  34  3:42  Cyclone  
  34  3:48  Marine x2  
  37  3:51  SCV x2  
  37  3:52  Supply Depot  
  41  4:00  Medivac  
  43  4:03  SCV x2  
  43  4:06  Marine  
  46  4:13  Marine  
  46  4:14  Siege Tank  
  46  4:15  SCV x2  
  46  4:16  Supply Depot, Barracks  
  52  4:17  Barracks  
  52  4:24  Refinery, Marine  
  52  4:26  Refinery  
  52  4:27  SCV  
  52  4:31  Supply Depot  
  54  4:33  Engineering Bay  
  54  4:38  Viking, Marine, SCV  
  58  4:41  Marine, SCV  
  60  4:48  Supply Depot  
  60  4:50  SCV  
  60  4:52  Siege Tank  
  64  4:55  Marine  
  64  4:58  SCV  
  60  5:05  SCV  
  61  5:10  SCV  
  61  5:11  Barracks Tech Lab x2  
  61  5:13  Starport Reactor  
  61  5:14  Marine x2  
  62  5:16  Terran Infantry Weapons Level 1  
  62  5:17  SCV  
  62  5:20  Supply Depot  
  65  5:23  SCV  
  65  5:28  Siege Tank  
  69  5:29  SCV  
  69  5:30  Marine  
  69  5:33  Marine  
  69  5:35  SCV  
  73  5:41  Stimpack, Combat Shields  
  73  5:42  Marine  
  73  5:45  SCV  
  73  5:49  Supply Depot, SCV  
  76  5:52  Supply Depot  
  76  5:55  Marine  
  77  5:57  Marine, SCV  
  77  6:00  Medivac  
  77  6:03  Medivac  
  83  6:08  SCV  
  83  6:09  SCV  
  85  6:13  Siege Tank  
  88  6:26  SCV x2  
  88  6:32  Command Center  
  90  6:34  Viking  
  90  6:39  Viking  
  94  6:42  SCV x2  
  96  6:50  Engineering Bay  
  96  6:52  Armory  
  96  6:56  Supply Depot  
  96  6:58  SCV  
  96  6:59  SCV  
  98  7:05  Siege Tank  
  101  7:10  Terran Infantry Armor Level 1  
  101  7:11  SCV  
  102  7:17  Supply Depot  
  102  7:18  Marine, Medivac, SCV  
  102  7:19  Marine  
  102  7:22  Marine  
  107  7:25  Supply Depot  
  107  7:29  SCV  
  109  7:30  SCV  
  110  7:39  Supply Depot, Marine x2  
  110  7:41  SCV  
  110  7:42  SCV  
  112  7:45  Marine x2  
  112  7:53  Barracks  
  112  7:55  Barracks  
  112  7:57  SCV x2, Orbital Command  
  114  8:03  Terran Infantry Weapons Level 2  
  114  8:04  Terran Vehicle Weapons Level 1  
  114  8:06  Siege Tank  
  117  8:14  Refinery x2  
  117  8:18  Factory  
  117  8:20  Supply Depot  
  117  8:21  Supply Depot  
  117  8:22  Barracks Reactor, Marine x3  
  120  8:31  SCV x2  
  120  8:32  SCV  
  123  8:34  Sensor Tower  
  123  8:35  Sensor Tower  
  123  8:36  Supply Depot  
  123  8:37  Supply Depot  
  123  8:43  SCV  
  123  8:46  Barracks Reactor x2  
  124  8:51  Marine x2  
  124  8:55  Siege Tank  
  129  9:02  Command Center  
  128  9:05  Marine  
  128  9:06  Siege Tank  
  128  9:08  Medivac, Barracks  
  128  9:09  Marine, Barracks  
  134  9:10  Barracks  
  134  9:12  Marine x2  
  134  9:13  Marine  
  137  9:22  Marine x2  
  137  9:23  Marine x3  
  142  9:25  Medivac  
  142  9:27  Marine, Siege Tank  
  142  9:30  Marine x2  
  150  9:31  Marine  
  150  9:39  Terran Infantry Armor Level 2, Siege Tank  
  150  9:40  Marine x3  
  150  9:41  Marine  
  150  9:42  Marine  
  150  9:43  SCV  
  150  9:44  Marine, SCV x2  
  162  9:48  Marine x2  
  162  9:49  Supply Depot, Marine  
  162  9:50  Medivac  
  167  9:55  Medivac  
  167  9:56  SCV  
  167  9:57  Barracks Reactor x2  
  167  9:58  Barracks Reactor, Marine x2  
  172  10:01  Marine x2  
  172  10:06  Marine x2  
  176  10:09  Marine x2  
  176  10:10  Marine, Siege Tank  
  182  10:16  Marine x2  
  182  10:19  Marine  
  182  10:20  Marine  
  179  10:24  Marine x2  
  179  10:27  Marine  
  161  10:42  Command Center  
  161  10:43  Marine x3  
  161  10:44  Marine x3  
  161  10:45  Barracks Reactor, Marine  
  161  10:48  Siege Tank x2  
  164  10:54  Marine  
  165  10:57  Barracks Reactor, Marine x5  
  165  10:59  Medivac x2  
  165  11:00  Marine  
  165  11:01  Marine  
  176  11:07  Terran Infantry Weapons Level 3  
  176  11:08  Marine  
  176  11:09  Marine  
  178  11:11  Marine  
  178  11:17  Marine x2  
  181  11:20  Marine x4, Siege Tank  
  181  11:21  Marine  
  189  11:25  Marine  
  189  11:32  Marine x4  
  156  11:33  Marine x2  
  156  11:35  Marine  
  156  11:37  Marine  
  156  11:38  Marine x3  
  156  11:39  Marine x2  
  153  11:43  Marine  
  154  11:50  Marine x3  
  154  11:51  Marine x2  
  154  11:52  Marine  
  154  11:53  Marine  
  155  11:55  Marine  
  155  12:00  Marine x2  
  158  12:12  Siege Tank  
  158  12:14  Siege Tank  
  164  12:21  Sensor Tower  
  164  12:26  Marine x3  
  165  12:32  Marine x3  
  168  12:37  Marine x4  
  168  12:40  Marine  
  168  12:41  Marine x2  
  166  12:45  Siege Tank  
  166  12:46  Marine x3, Siege Tank  
  166  12:48  Marine  
  166  12:50  Marine x3  
  130  12:56  Marine x2  
  130  12:57  Marine x2  
  130  13:04  Marine x4  
  134  13:07  Marine  
  134  13:09  Marine  
  134  13:10  Marine  
  134  13:12  Marine  
  138  13:15  Marine x2  
  137  13:20  Marine x3  
  137  13:21  Marine  
  137  13:23  Marine  
  142  13:30  Marine  
  142  13:31  Marine x3  
  146  13:40  Marine x5  
  151  13:48  Marine x2  
  126  13:51  Marine x4  
  126  13:52  Marine x2  
  125  13:56  Marine  
  125  13:58  Marine x3  
  125  14:00  Marine  
  125  14:01  Marine  
  131  14:07  Orbital Command  
  130  14:10  Marine x7  
  130  14:11  Marine  
  130  14:16  Marine  
  139  14:18  Planetary Fortress  
  139  14:22  Marine x2  
  131  14:27  Terran Infantry Armor Level 3  
  131  14:29  Marine  
  131  14:30  Marine  
  131  14:31  Marine  
  133  14:34  Marine x3  
  133  14:36  Marine x2  
  133  14:37  Marine  
  140  14:40  Marine  
  140  14:41  Marine x2  
  140  14:42  Marine  
  140  14:45  Marine  
  145  14:47  Marine x2  
  145  14:49  Siege Tank  
  153  14:52  Siege Tank  
  153  14:53  Marine  
  153  14:54  Marine  
  153  14:55  Marine  
  153  14:57  Marine x2  
  153  14:59  Marine  
  159  15:00  Marine x2  
  159  15:02  Marine  
  159  15:03  Marine  
  163  15:12  Marine x6  
  169  15:18  Marine x2  
  169  15:19  Marine  
  172  15:21  Siege Tank  
  145  15:31  Marine x6  
  145  15:34  Siege Tank  
  116  15:36  Marine x3  
  116  15:39  Marine x5  
  122  15:49  Marine x6  
  127  15:53  Siege Tank  
  127  15:54  Marine x3  
  127  15:57  Marine x2  
  126  15:59  Orbital Command  
  114  16:05  Marine x3  
  114  16:06  Siege Tank  
  114  16:07  Marine x2  
  114  16:08  Marine  
  114  16:10  Marine x2  
  119  16:15  Marine x2  
  119  16:18  Marine  
  122  16:19  Medivac  
  122  16:20  Marine  
  125  16:27  Marine x2  
  125  16:28  Marine x3  
  120  16:38  Marine, Siege Tank x2  
  127  16:40  Marine x2  
  127  16:41  Marine  
  127  16:43  Marine x2  
  127  16:47  Marine x4  
  132  16:51  Marine x2  
  132  16:52  Marine x2  
  131  16:55  Marine  
  131  16:58  Marine  
  131  17:00  Marine  
  134  17:02  Marine x3  
  134  17:04  Marine  
  134  17:05  Marine  
  134  17:06  Marine x2  
  138  17:09  Marine x3  
  138  17:10  Marine, Siege Tank  
  138  17:13  Marine  
  143  17:15  Marine  
  143  17:17  Siege Tank  
  143  17:18  Marine  
  143  17:20  Marine  
  143  17:21  Marine  
  133  17:23  Marine  
  133  17:26  Marine x2  
  133  17:27  Marine  
  133  17:28  Marine  
  138  17:34  Marine  
  138  17:35  Marine  
  136  17:37  Marine  
  136  17:39  Marine  
  136  17:41  Marine  
  136  17:42  Siege Tank  
  137  17:47  Marine  
  137  17:49  Marine, Siege Tank  
  142  18:06  Marine  
  142  18:11  Marine x3  
  142  18:12  Marine x2  
  147  18:14  Siege Tank  
  147  18:15  Medivac  
  153  18:21  Medivac, Siege Tank  
  157  18:30  Marine  
  157  18:31  Marine  
  157  18:33  Marine  
  160  18:35  Marine  
  160  18:38  Marine  
  160  18:40  Marine  
  163  18:42  Marine  
  163  18:46  Marine  
  163  18:47  Siege Tank  
  168  18:51  Marine x3  
  168  18:53  Orbital Command  
  166  18:57  Marine  
  159  19:03  Marine x3  
  159  19:04  Marine x2  
  159  19:07  Marine x3  
  159  19:09  Marine  
  168  19:11  Marine  
  168  19:15  Marine  
  168  19:17  Marine x2  
  170  19:22  Marine  
  173  19:27  Marine  
  153  19:31  Marine  
  153  19:32  Marine, Siege Tank  
  157  19:38  Marine  
  157  19:41  Marine  
  157  19:45  Marine  
  153  19:58  Marine  
  154  20:00  Siege Tank  
  157  20:08  Marine  
  157  20:09  Marine  
  157  20:13  Marine  
  157  20:15  Marine  
  157  20:21  Orbital Command  
  160  20:33  Marine  
  134  20:53  Marine  
  116  21:05  Factory  
  116  21:07  Factory x2  
  110  21:24  SCV  
  107  21:25  SCV  
  107  21:28  Refinery x2  
  107  21:34  Supply Depot  
  107  21:35  Supply Depot  
  107  21:37  Supply Depot  
  107  21:39  Supply Depot  
  106  21:40  Supply Depot x2  
  105  21:53  Factory Tech Lab x2  
  100  21:54  Factory Tech Lab  
  100  21:59  Starport  
  100  22:00  Supply Depot  
Tags
 
Add a new tag
Caveats
  • Supply blocks, unpowered buildings, or Contaminate may cause inaccurate times.
  • Supply counts are checked every 10 seconds.